3L
KINGSTON TOWNSHIP KNIGHTS @ ATHLETIC CLUB KC
08/18/2039
 
TOP OF THE 1ST
Kingston Township Knights batting - Pitching for Athletic Club KC : RHP Kullervo Hostikka
Pitching: RHP Kullervo Hostikka
Batting: LHB Tony Goodwin 0-0: Swinging Strike
0-1: Fly out, F8 (Flyball, 8RD, EV 74.4 MPH)
Batting: RHB Glenn Curtis 0-0: Called Strike
0-1: Fly out, F8 (Line Drive, 8RM, EV 86.9 MPH)
Pitching: LHP Ben Skelton
Batting: RHB Daniel McCoy 0-0: Ball
1-0: Ball
2-0: Ball
3-0: Base on Balls
Batting: LHB Ed Mellor 0-0: Called Strike
0-1: Ball
1-1: Ball
2-1: 2-RUN HOME RUN (Flyball, 9D, EV 90.0 MPH) (Inside the Park)
Batting: RHB Holden Ford 0-0: Ball
1-0: Called Strike
1-1: Fly out, F7 (Flyball, 7LSF, EV 75.0 MPH)
Top of the 1st over - 2 runs, 1 hit, 0 errors, 0 left on base; Kingston Township 2 - Athletic Club KC 0
BOTTOM OF THE 1ST
Athletic Club KC batting - Pitching for Kingston Township Knights : RHP Zebulon Vermillion
Pitching: RHP Zebulon Vermillion
Batting: LHB César Núñez 0-0: Called Strike
0-1: Called Strike
0-2: Strikes out swinging, 2-3 out at first.
Batting: RHB Ali Ben Bongo 0-0: Ball
1-0: Ball
2-0: Called Strike
2-1: Ball
3-1: Called Strike
3-2: Foul Ball, location: 2F
3-2: SINGLE (Flyball, 8RS, EV 88.1 MPH)
Batting: SHB Shiki Sanu 0-0: Ball
Ali Ben Bongo steals 2nd base
1-0: Called Strike
Ali Ben Bongo steals 3rd base
1-1: Foul Ball, location: 2F
1-2: Foul Ball, location: 2F
1-2: Ground out 5-3 (Groundball, 56S, EV 80.0 MPH)
Ali Ben Bongo scores
Batting: LHB Héctor Velázquez 0-0: Ball
1-0: SINGLE (Groundball, 4MD, EV 100.0 MPH)
Batting: LHB José Rodríguez 0-0: Ball
1-0: Ball
2-0: Foul Ball, location: 2F
2-1: Foul Ball, location: 2F
2-2: Ball
3-2: Fly out, F8 (Flyball, 8RD, EV 95.0 MPH)
Bottom of the 1st over - 1 run, 2 hits, 0 errors, 1 left on base; Kingston Township 2 - Athletic Club KC 1
TOP OF THE 2ND
Kingston Township Knights batting - Pitching for Athletic Club KC : LHP Ben Skelton
Batting: RHB Jorge Ozezera 0-0: Called Strike
0-1: Called Strike
0-2: Fly out, F7 (Flyball, 78M, EV 91.2 MPH)
Batting: RHB Scott Robertson 0-0: Foul Ball, location: 2F
0-1: Foul Ball, location: 2F
0-2: Foul Ball, location: 2F
0-2: Ball
1-2: Ball
2-2: SINGLE (Line Drive, 3L, EV 93.8 MPH)
Batting: RHB Daniel Maldonado 0-0: Called Strike
0-1: Fielders Choice at 2nd, 6-4 (Groundball, 6, EV 80.6 MPH)
Batting: RHB Khal Drogo 0-0: Ball
1-0: Called Strike
1-1: Ball
2-1: Foul Ball, location: 2F
2-2: Foul Ball, location: 2F
2-2: Strikes out swinging
Top of the 2nd over - 0 runs, 1 hit, 0 errors, 1 left on base; Kingston Township 2 - Athletic Club KC 1
BOTTOM OF THE 2ND
Athletic Club KC batting - Pitching for Kingston Township Knights : RHP Zebulon Vermillion
Batting: LHB Pablo Hernández 0-0: Called Strike
0-1: Foul Ball, location: 2F
0-2: SINGLE (Line Drive, 8LS, EV 98.8 MPH)
Batting: RHB Tasuku Goto 0-0: Foul Ball, location: 2F
0-1: Swinging Strike
0-2: Foul Ball, location: 2F
0-2: Strikes out swinging
Batting: RHB Wade Tazewell 0-0: Ball
1-0: Called Strike
1-1: Foul Ball, location: 2F
1-2: Ball
2-2: Ball
3-2: Foul Ball, location: 2F
3-2: DOUBLE (Line Drive, 7LD, EV 106.2 MPH)
Pablo Hernández to third
Runner from 3rd tries for Home, SAFE, throw by LF to home
Batting: RHB Armando Altagracia 0-0: Fly out, F3 (Line Drive, 3, EV 72.5 MPH)
Batting: LHB César Núñez 0-0: Called Strike
0-1: Ball
1-1: Ball
2-1: Ball
3-1: Base on Balls
Batting: RHB Ali Ben Bongo 0-0: Called Strike
0-1: Called Strike
0-2: Strikes out swinging
Bottom of the 2nd over - 1 run, 2 hits, 0 errors, 2 left on base; Kingston Township 2 - Athletic Club KC 2
TOP OF THE 3RD
Kingston Township Knights batting - Pitching for Athletic Club KC : LHP Ben Skelton
Batting: LHB Tony Goodwin 0-0: Called Strike
0-1: Called Strike
0-2: Ball
1-2: Foul Ball, location: 2F
1-2: DOUBLE (Line Drive, 8LXD, EV 106.2 MPH)
Batting: RHB Glenn Curtis 0-0: Fly out, F7 (Flyball, 7S, EV 91.2 MPH)
Batting: RHB Daniel McCoy 0-0: Called Strike
0-1: Foul Ball, location: 2F
0-2: Ball
1-2: SINGLE (Line Drive, 9LS, EV 91.2 MPH)
Tony Goodwin to third
Runner from 3rd tries for Home, SAFE, no throw by RF
Batting: LHB Ed Mellor 0-0: Ball
1-0: Grounds into double play, 4-6-3 (Groundball, 4, EV 86.9 MPH)
Top of the 3rd over - 1 run, 2 hits, 0 errors, 0 left on base; Kingston Township 3 - Athletic Club KC 2
BOTTOM OF THE 3RD
Athletic Club KC batting - Pitching for Kingston Township Knights : RHP Zebulon Vermillion
Batting: SHB Shiki Sanu 0-0: Foul Ball, location: 2F
0-1: Fly out, F8 (Flyball, 8LM, EV 81.2 MPH)
Batting: LHB Héctor Velázquez 0-0: Ball
1-0: Foul Ball, location: 2F
1-1: Foul Ball, location: 2F
1-2: Foul Ball, location: 2F
1-2: Foul Ball, location: 2F
1-2: Ground out 4-3 (Groundball, 4, EV 100.0 MPH)
Batting: LHB José Rodríguez 0-0: Called Strike
0-1: Ball
1-1: Foul Ball, location: 2F
1-2: Strikes out swinging
Bottom of the 3rd over - 0 runs, 0 hits, 0 errors, 0 left on base; Kingston Township 3 - Athletic Club KC 2
TOP OF THE 4TH
Kingston Township Knights batting - Pitching for Athletic Club KC : LHP Ben Skelton
Batting: RHB Holden Ford 0-0: Swinging Strike
0-1: Ground out U3 (Groundball, 34, EV 108.8 MPH)
Batting: RHB Jorge Ozezera 0-0: Ball
1-0: Ball
2-0: Ball
3-0: Called Strike
3-1: Base on Balls
Batting: RHB Scott Robertson 0-0: Ball
1-0: Grounds into double play, U6-3 (Groundball, 4M, EV 83.8 MPH)
Top of the 4th over - 0 runs, 0 hits, 0 errors, 0 left on base; Kingston Township 3 - Athletic Club KC 2
BOTTOM OF THE 4TH
Athletic Club KC batting - Pitching for Kingston Township Knights : RHP Zebulon Vermillion
Batting: LHB Pablo Hernández 0-0: Ball
1-0: Called Strike
1-1: Foul Ball, location: 2F
1-2: Reached on error, E6 (Groundball, 6, EV 87.5 MPH)
Batting: RHB Tasuku Goto 0-0: SINGLE (Line Drive, 89S, EV 97.5 MPH)
Pablo Hernández to third
Runner from 3rd tries for Home, SAFE, throw by RF to home
Tasuku Goto to second
Batting: RHB Wade Tazewell 0-0: Called Strike
0-1: Fly out, F3 (Popup, 3SF, EV 84.4 MPH)
Batting: RHB Armando Altagracia 0-0: Called Strike
0-1: Called Strike
0-2: Strikes out looking
Batting: LHB César Núñez 0-0: Called Strike
0-1: Fly out, F4 (Flyball, 4MD, EV 88.1 MPH)
Bottom of the 4th over - 1 run, 1 hit, 1 error, 1 left on base; Kingston Township 3 - Athletic Club KC 3
TOP OF THE 5TH
Kingston Township Knights batting - Pitching for Athletic Club KC : LHP Ben Skelton
Batting: RHB Daniel Maldonado 0-0: Ball
1-0: Called Strike
1-1: Ball
2-1: Ball
3-1: Foul Ball, location: 2F
3-2: Foul Ball, location: 2F
3-2: Foul Ball, location: 2F
3-2: Base on Balls
Batting: RHB Khal Drogo 0-0: Ball
1-0: Bunt missed!
1-1: Bunt missed!
1-2: Fielders Choice at 2nd, 6-4 (Groundball, 6, EV 80.6 MPH)
Batting: LHB Tony Goodwin 0-0: Ball
1-0: Foul Ball, location: 2F
1-1: Called Strike
1-2: Foul Ball, location: 2F
1-2: Foul Ball, location: 2F
1-2: Strikes out swinging
Batting: RHB Glenn Curtis 0-0: Called Strike
0-1: Called Strike
0-2: Ball
1-2: Foul Ball, location: 2F
1-2: Ball
2-2: Foul Ball, location: 2F
2-2: Ball
3-2: Foul Ball, location: 2F
3-2: Base on Balls
Khal Drogo to second
Pitching: LHP Francisco González
Batting: RHB Daniel McCoy 0-0: Foul Ball, location: 2F
0-1: Ball
1-1: Swinging Strike
1-2: Strikes out looking
Top of the 5th over - 0 runs, 0 hits, 0 errors, 2 left on base; Kingston Township 3 - Athletic Club KC 3
BOTTOM OF THE 5TH
Athletic Club KC batting - Pitching for Kingston Township Knights : RHP Zebulon Vermillion
Batting: RHB Ali Ben Bongo 0-0: Foul Ball, location: 2F
0-1: Fly out, F7 (Flyball, 78S, EV 75.0 MPH)
Batting: SHB Shiki Sanu 0-0: Ball
1-0: Fly out, F8 (Line Drive, 8RD, EV 91.9 MPH)
Batting: LHB Héctor Velázquez 0-0: SINGLE (Groundball, 6, EV 108.8 MPH) (infield hit)
Batting: LHB José Rodríguez 0-0: Ball
1-0: Ball
2-0: Swinging Strike
2-1: Swinging Strike
2-2: Strikes out swinging
Bottom of the 5th over - 0 runs, 1 hit, 0 errors, 1 left on base; Kingston Township 3 - Athletic Club KC 3
TOP OF THE 6TH
Kingston Township Knights batting - Pitching for Athletic Club KC : LHP Francisco González
Batting: LHB Ed Mellor 0-0: Ball
1-0: Ball
2-0: SOLO HOME RUN (Flyball, 89XD, EV 90.6 MPH), Distance : 434 ft
Batting: RHB Holden Ford 0-0: Called Strike
0-1: Foul Ball, location: 2F
0-2: Ball
1-2: Foul Ball, location: 2F
1-2: Ground out 6-3 (Groundball, 6M, EV 110.0 MPH)
Batting: RHB Jorge Ozezera 0-0: Called Strike
0-1: Called Strike
0-2: Strikes out swinging
Batting: RHB Scott Robertson 0-0: Foul Ball, location: 2F
0-1: Ball
1-1: Ball
2-1: Fly out, F8 (Line Drive, 8LM, EV 91.2 MPH)
Top of the 6th over - 1 run, 1 hit, 0 errors, 0 left on base; Kingston Township 4 - Athletic Club KC 3
BOTTOM OF THE 6TH
Athletic Club KC batting - Pitching for Kingston Township Knights : RHP Zebulon Vermillion
Batting: LHB Pablo Hernández 0-0: Fly out, F8 (Flyball, 8LS, EV 96.2 MPH)
Batting: RHB Tasuku Goto 0-0: Called Strike
0-1: Ball
1-1: Called Strike
1-2: SINGLE (Groundball, 6MD, EV 101.9 MPH)
Batting: RHB Wade Tazewell 0-0: Ball
1-0: Ball
2-0: Ball
3-0: Called Strike
3-1: Foul Ball, location: 2F
3-2: Ground out 4-3 (Groundball, 34, EV 80.0 MPH)
Tasuku Goto to second
Batting: RHB Armando Altagracia 0-0: Foul Ball, location: 2F
0-1: Foul Ball, location: 2F
0-2: Foul Ball, location: 2F
0-2: Ball
1-2: Foul Ball, location: 2F
1-2: Ball
2-2: Strikes out swinging
Bottom of the 6th over - 0 runs, 1 hit, 0 errors, 1 left on base; Kingston Township 4 - Athletic Club KC 3
TOP OF THE 7TH
Kingston Township Knights batting - Pitching for Athletic Club KC : LHP Francisco González
Pitching: LHP Indigo Diaz
Batting: RHB Daniel Maldonado 0-0: Ball
1-0: Ball
2-0: Ball
3-0: Called Strike
3-1: Base on Balls
Batting: RHB Khal Drogo 0-0: Ball
1-0: Called Strike
1-1: Sac Bunt to 15S - play at first, batter OUT! 1-4
Daniel Maldonado to second
Batting: LHB Tony Goodwin 0-0: Called Strike
Daniel Maldonado is caught stealing 3rd base 2-5
0-1: DOUBLE (Flyball, 8RD, EV 91.9 MPH)
Batting: RHB Glenn Curtis 0-0: Ground out 6-3 (Groundball, 56, EV 98.1 MPH)
Top of the 7th over - 0 runs, 1 hit, 0 errors, 1 left on base; Kingston Township 4 - Athletic Club KC 3
BOTTOM OF THE 7TH
Athletic Club KC batting - Pitching for Kingston Township Knights : RHP Zebulon Vermillion
Batting: LHB César Núñez 0-0: Ball
1-0: SINGLE (Groundball, 6MD, EV 98.1 MPH)
Pitching: LHP Ebby Calvin LaLoosh
Batting: RHB Ali Ben Bongo 0-0: Fielders Choice at 2nd, 4-6 (Groundball, 4, EV 81.2 MPH)
Batting: SHB Shiki Sanu 0-0: Foul Ball, location: 2F
0-1: Foul Ball, location: 2F
0-2: 2-RUN HOME RUN (Flyball, 78XD, EV 94.4 MPH), Distance : 406 ft
Batting: LHB Héctor Velázquez 0-0: Ball
1-0: SINGLE (Groundball, 5D, EV 105.0 MPH)
Batting: LHB José Rodríguez 0-0: Called Strike
0-1: SINGLE (Groundball, 6D, EV 110.0 MPH)
Héctor Velázquez to second
Batting: LHB Pablo Hernández Pickoff Throw to Second - Error! E1
Héctor Velázquez to third
José Rodríguez to second
0-0: Foul Ball, location: 2F
0-1: Swinging Strike
0-2: Fly out, F9 (Flyball, 9S, EV 81.2 MPH)
Batting: RHB Tasuku Goto 0-0: Ground out 5-3 (Groundball, 56, EV 108.8 MPH)
Bottom of the 7th over - 2 runs, 4 hits, 1 error, 2 left on base; Kingston Township 4 - Athletic Club KC 5
TOP OF THE 8TH
Kingston Township Knights batting - Pitching for Athletic Club KC : LHP Indigo Diaz
Batting: RHB Daniel McCoy 0-0: Ball
1-0: Called Strike
1-1: Ball
2-1: Ball
3-1: Foul Ball, location: 2F
3-2: Foul Ball, location: 2F
3-2: Base on Balls
Batting: LHB Ed Mellor 0-0: Ball
1-0: Called Strike
1-1: Swinging Strike
1-2: Ball
2-2: Ball
3-2: Foul Ball, location: 2F
3-2: Foul Ball, location: 2F
3-2: Base on Balls
Daniel McCoy to second
Batting: RHB Holden Ford 0-0: Called Strike
0-1: Foul Ball, location: 2F
0-2: Ball
1-2: Strikes out looking
Batting: RHB Jorge Ozezera 0-0: Ball
1-0: Ball
2-0: Ball
3-0: Called Strike
3-1: Foul Ball, location: 2F
3-2: Strikes out swinging
Batting: RHB Scott Robertson 0-0: Ball
1-0: Ball
2-0: Foul Ball, location: 2F
2-1: Ball
3-1: Called Strike
3-2: Foul Ball, location: 2F
3-2: Base on Balls
Daniel McCoy to third
Ed Mellor to second
Batting: RHB Daniel Maldonado 0-0: Called Strike
0-1: Ball
1-1: Swinging Strike
1-2: Ball
2-2: Ball
3-2: Base on Balls
Daniel McCoy scores
Ed Mellor to third
Scott Robertson to second
Batting: RHB Khal Drogo 0-0: Ball
1-0: Ball
2-0: SINGLE (Groundball, 56S, EV 68.1 MPH) (infield hit)
Ed Mellor scores
Scott Robertson to third
Daniel Maldonado to second
Batting: LHB Tony Goodwin 0-0: Ball
1-0: Foul Ball, location: 2F
1-1: Foul Ball, location: 2F
1-2: Fly out, F7 (Flyball, 78D, EV 99.4 MPH)
Top of the 8th over - 2 runs, 1 hit, 0 errors, 3 left on base; Kingston Township 6 - Athletic Club KC 5
BOTTOM OF THE 8TH
Athletic Club KC batting - Pitching for Kingston Township Knights : LHP Ebby Calvin LaLoosh
Batting: RHB Wade Tazewell 0-0: Ground out 4-3 (Groundball, 4, EV 94.4 MPH)
Batting: RHB Armando Altagracia 0-0: SINGLE (Line Drive, 9LM, EV 104.4 MPH)
Pitching: RHP Jack Salt
Batting: LHB César Núñez 0-0: Called Strike
0-1: Ball
1-1: Ball
2-1: Swinging Strike
2-2: Strikes out looking
Batting: RHB Ali Ben Bongo 0-0: Ball
1-0: Ball
2-0: Fly out, F7 (Flyball, 7, EV 88.1 MPH)
Bottom of the 8th over - 0 runs, 1 hit, 0 errors, 1 left on base; Kingston Township 6 - Athletic Club KC 5
TOP OF THE 9TH
Kingston Township Knights batting - Pitching for Athletic Club KC : LHP Indigo Diaz
Batting: RHB Glenn Curtis 0-0: Foul Ball, location: 2F
0-1: Ball
1-1: Ball
2-1: Ball
3-1: Base on Balls
Pitching: RHP David Maxwell
Batting: RHB Daniel McCoy 0-0: Foul Ball, location: 2F
0-1: Foul Ball, location: 2F
0-2: Fly out, F6 (Flyball, 6MD, EV 89.4 MPH)
Batting: LHB Ed Mellor 0-0: Ball
Glenn Curtis steals 2nd base
1-0: Intentional Walk
Batting: RHB Holden Ford 0-0: Ball
Glenn Curtis steals 3rd base
Ed Mellor to second
1-0: Intentional Walk
Batting: RHB Jorge Ozezera 0-0: Ball
1-0: Ball
2-0: SINGLE (Flyball, 7S, EV 98.1 MPH)
Glenn Curtis scores
Ed Mellor to third
Holden Ford to second
Batting: RHB Scott Robertson 0-0: Ball
1-0: Foul Ball, location: 2F
1-1: SINGLE (Line Drive, 89M, EV 106.2 MPH)
Ed Mellor scores
Holden Ford to third
Jorge Ozezera to second
Batting: RHB Daniel Maldonado 0-0: Ball
1-0: Swinging Strike
1-1: Ball
2-1: Foul Ball, location: 2F
2-2: Foul Ball, location: 2F
2-2: Fly out, F9 (Flyball, 9LM, EV 91.9 MPH)
Runner from 3rd tags up, SCORES, throw by RF
Jorge Ozezera to third
Batting: RHB Khal Drogo 0-0: Ball
1-0: Ball
2-0: Ball
3-0: Called Strike
3-1: Base on Balls
Scott Robertson to second
Batting: LHB Tony Goodwin 0-0: Ball
1-0: Called Strike
1-1: Foul Ball, location: 2F
1-2: Strikes out swinging
Top of the 9th over - 3 runs, 2 hits, 0 errors, 3 left on base; Kingston Township 9 - Athletic Club KC 5
BOTTOM OF THE 9TH
Athletic Club KC batting - Pitching for Kingston Township Knights : RHP Jack Salt
Batting: SHB Shiki Sanu 0-0: Swinging Strike
0-1: Foul Ball, location: 2F
0-2: SINGLE (Line Drive, 6M, EV 98.8 MPH)
Batting: LHB Héctor Velázquez 0-0: Ball
1-0: Called Strike
1-1: Foul Ball, location: 2F
1-2: Strikes out swinging
Batting: LHB José Rodríguez 0-0: Swinging Strike
0-1: Ball
1-1: Ball
2-1: Swinging Strike
2-2: Foul Ball, location: 2F
2-2: Strikes out swinging
Batting: LHB Pablo Hernández 0-0: Called Strike
0-1: Ball
1-1: Ground out 1-3 (Groundball, 34S, EV 73.1 MPH)
Bottom of the 9th over - 0 runs, 1 hit, 0 errors, 1 left on base; Kingston Township 9 - Athletic Club KC 5
Wednesday, July 8th, 2020 - OOTP Baseball 20.8 Build 74